 Dungeon Crawl Stone Soup version 0.31.0-32-g396128a36d (webtiles) character file.

Game seed: 2279767028772463437

56 trashops the Trooper (level 3, -5/33 HPs)
             Began as a Hill Orc Fighter on Apr 11, 2024.
             Slain by an orc
             ... wielding a +0 hand axe of electrocution
              (19 damage)
             ... on level 3 of the Dungeon.
             The game lasted 00:02:49 (1605 turns).

trashops the Trooper (Hill Orc Fighter)             Turns: 1605, Time: 00:02:50

Health: -5/33      AC:  7    Str: 20    XL:     3   Next: 97%
Magic:  3/3        EV:  9    Int:  8    God:
Gold:   103        SH:  4    Dex: 10    Spells: 2/2 levels left

rFire   . . .        a - +0 war axe
rCold   . . .        c - +0 buckler
rNeg    . . .        b - +0 scale mail
rPois   .            (no helmet)
rElec   .            (no cloak)
rCorr   .            (no gloves)
SInv    .            (no boots)
Will    .....        (no amulet) Stlth
                     (no ring)
HPRegen 0.25/turn    (no ring)
MPRegen 0.08/turn

%: no passive effects
@: no status effects
A: no striking features
a: Convert to Beogh


You were on level 3 of the Dungeon.
You visited 1 branch of the dungeon, and saw 3 of its levels.

You collected 103 gold pieces.

Inventory:

Hand Weapons
 a - a +0 war axe (weapon)
Armour
 b - a +0 scale mail (worn)
 c - a +0 buckler (worn)
Scrolls
 e - a scroll of fog
 f - a scroll of fear
 g - a scroll of revelation {unknown}
 i - a scroll of identify
 j - a scroll of brand weapon
Potions
 d - 2 potions of might


   Skills:
 * Level 4.2 Fighting
 * Level 3.7 Axes
 * Level 3.9 Armour
 + Level 0.2 Dodging
 + Level 3.5 Shields


You had 2 spell levels left.
You didn't know any spells.
Your spell library was empty.

Dungeon Overview and Level Annotations

Branches:
Dungeon (3/15)

Altars:
Kikubaaqudgha


Message History

You block the quokka's attack.
You slash the quokka!
You kill the quokka!
You see here a quokka corpse.
Found a falchion.
g - a scroll labelled SOIHO OXAEBLERYME
Found a stone staircase leading down.
You see here a +0 falchion.
There is a stone staircase leading down here.
An orc comes into view.
It is wielding a +0 hand axe of electrocution.
The orc shouts!
You hear a shout!
An orc priest comes into view. It is wielding a +0 whip.
Unknown command.
An orc wizard and an orc come into view.
The orc wizard shouts!
The orc shouts!
The orc priest threatens, "By the altar or by the axe, you will meet Beogh!" (press Y on the ability menu to convert to Beogh)
The orc wizard casts a spell at you.
You are confused.
You bump into the rock wall.
You bump into the rock wall.
You barely miss the orc priest.
The orc priest shouts, "Beogh is our master!
Accept the truth or die!"
The orc priest hits you with a +0 whip.
You're too confused to move!
You're too confused to move!
You barely miss the orc.
You feel less confused. The orc hits you but does no damage.
You completely miss the orc. The orc completely misses you.
The orc wizard casts a spell.
The orc wizard flickers and vanishes!
Deactivating autopickup; reactivate with Ctrl-A.
The orc hits you but does no damage.
You are electrocuted!!
Ouch! That really hurt!
You hit the orc but do no damage. The orc closely misses you.
You closely miss the orc. The orc hits you but does no damage.
You are electrocuted!!
Ouch! That really hurt!
You die...

## #..# ############
..... #..........#
.....o###..........#
.....oo@...........#
.....{###..........#
... .....
#..........# .....
.... #..........#
...^.## ...
#..........# ... ..
.. ##....###### .#
#.#### ##.....## .#
#.... #.......# .+
+...# #.......#


You could see an orc priest and 2 orcs.

Vanquished Creatures
  A gnoll (D:2)
  2 ribbon worms (D:2)
  3 bats
  3 endoplasms (D:1)
  4 giant cockroaches
  6 goblins
  2 hobgoblins (D:2)
  5 kobolds
  A quokka (D:3)
  4 ball pythons
  4 frilled lizards
  3 rats
38 creatures vanquished.

Notes
Turn   | Place    | Note
-------+----------+-------------------------------------------
     0 | D:1      | trashops the Hill Orc Fighter began the quest for the Orb.
     0 | D:1      | Reached XP level 1. HP: 19/19 MP: 1/1
   167 | D:1      | Reached XP level 2. HP: 27/27 MP: 2/2
   243 | D:1      | Reached skill level 4 in Fighting
   367 | D:1      | Found a faded altar of an unknown god.
   801 | D:2      | Found an ancient bone altar of Kikubaaqudgha.
   870 | D:2      | Reached XP level 3. HP: 22/33 MP: 3/3
  1091 | D:2      | Found Cankeab's Weapon Shoppe.
  1605 | D:3      | Slain by an orc

Illustrated notes

Levels and vault maps discovered:
D:1:      lemuel_arrival_cross, layout_basic,
          shapermc_ecumenical_altar_acropolis, minmay_misc_feat_square,
          chequers_serial_rivers_micro_d
D:2:      layout_rooms, basic_altar, serial_shops, shop
D:3:      layout_rooms, minmay_misc_feat_room,
          nicolae_concentric_dashed_squares_mild, minmay_unequal

Skill      XL: |  1  2 |
---------------+-------+-----
Fighting       | 4 |  4.2
Axes           | 3 |  3.7
Armour         | |  3.9
Dodging        | |  0.2
Shields        | |  3.5

Action                     || total
---------------------------++-------
  Melee: War axe           ||   108
    Use: Scroll            ||     5
         Potion            ||     2
 Armour: Scale mail        ||    77
  Dodge: Dodged            ||    51
  Block: Buckler           ||    24
